 Dungeon Sprint DCSS version 0.28-a0-1087-gf3fc490d9d (webtiles) character file.

Game seed: 18040209560191941730

672 rocky1 the Geomancer (level 7, -2/40 HPs)
             Began as a Deep Elf Earth Elementalist on Dec 11, 2021.
             Was a High Priest of Sif Muna.
             Killed by divine providence
             ... invoked by an orc priest
             ... led by an orc knight
              (17 damage)
             ... in the Dungeon (Sprint VII: "The Pits").
             The game lasted 00:06:53 (983 turns).

rocky1 the Geomancer (Deep Elf Earth Elementalist)   Turns: 983, Time: 00:06:54

Health: -2/40      AC:  2    Str:  5    XL:     7   Next: 32%
Magic:  20/22      EV: 20    Int: 22    God:    Sif Muna [*****.]
Gold:   0          SH:  0    Dex: 20    Spells: 15/26 levels left

rFire   . . .      SeeInvis .   (weapon currently unavailable)
rCold   . . .      Faith    .   (shield currently unavailable)
rNeg    . . .      Spirit   .   (armour currently unavailable)
rPois   x          Reflect  .   (helmet currently unavailable)
rElec   .          Harm     .   (cloak currently unavailable)
rCorr   .          Rampage  .   (gloves currently unavailable)
Will    .....      NoTele   +   (boots currently unavailable)
Stlth   ++........              (no amulet)
HPRegen 0.13/turn               (no ring)
MPRegen 0.18/turn               (no ring)

@: spider-form (expiring)
A: venomous fangs, tiny
a: End Transformation, Renounce Religion, Channel Magic, Forget Spell, Divine
Exegesis


You were in the Dungeon.
You worshipped Sif Muna.
Sif Muna was extremely pleased with you.
You were a venomous arachnid creature.
You visited 1 branch

Inventory:

Hand Weapons
 m - a +0 quarterstaff of protection (melded)
 q - a +0 lajatang
Missiles
 i - 19 stones
Armour
 b - a +0 robe (melded)
 r - a +0 pair of gloves (melded)
 s - a +5 ring mail
Jewellery
 l - a +3 ring of intelligence
 n - a +3 ring of intelligence
Scrolls
 h - a scroll of blinking
 j - 5 scrolls of amnesia
 k - a scroll of summoning
Potions
 a - 2 potions of invisibility
 c - 8 potions of curing
 d - 11 potions of heal wounds
 e - 2 potions of haste
 f - 4 potions of magic
 g - 3 potions of berserk rage
 o - 2 potions of might
 p - a potion of mutation


   Skills:
 - Level 2.5 Fighting
 - Level 2.4 Dodging
 - Level 2.4 Stealth
 + Level 10.3 Spellcasting
 + Level 7.7 Conjurations
 + Level 1.1 Transmutations
 + Level 10.4 Earth Magic
 + Level 0.0 Poison Magic
 + Level 8.2 Invocations


You had 15 spell levels left.
You knew the following spells:

 Your Spells              Type           Power      Damage    Failure   Level
a - Sandblast             Erth           100%       2d20      1%          1
b - Stone Arrow           Conj/Erth      100%       3d13      3%          3
c - Spider Form           Tmut/Pois      13%        N/A       32%         3
d - Petrify               Tmut/Erth      36%        N/A       16%         4

Your spell library contained the following spells:

 Spells                   Type           Power      Damage    Failure   Level
 Passwall                 Tmut/Erth      30%        N/A       4%          2
 Beastly Appendage        Tmut           32%        N/A       12%         1
 Wereblood                Tmut           16%        N/A       16%         2


Dungeon Overview and Level Annotations

Branches:
Dungeon (1/1)

Altars:
Ashenzari
Cheibriados
Dithmenos
Elyvilon
Fedhas
Gozag
Hepliaklqana
Kikubaaqudgha
Makhleb
Nemelex Xobeh
Okawaru
Qazlal
Ru
Sif Muna
Trog
Uskayaw
Vehumet
Wu Jian
Xom
Yredelemnul
Zin
The Shining One
Beogh
Jiyva
Lugonu


Message History

The giant cockroach bites you but does no damage.
You see here a +0 club.
The orc no longer looks unusually strong.
The orc warrior no longer looks unusually strong.
The giant cockroach bites you but does no damage.
Casting: Sandblast (safe; 1% risk of failure)
Confirm with . or Enter, or press ? or * to list all spells.
Aiming: Sandblast (safe; 1% risk of failure)
Press: ? - help, Shift-Dir - straight line, f - giant cockroach
Aim: a giant cockroach (84% to hit)
The blast of sand hits the giant cockroach!!
You kill the giant cockroach!
Sif Muna accepts your kill.
Unknown command.
Casting: Sandblast (safe; 1% risk of failure)
Confirm with . or Enter, or press ? or * to list all spells.
You turn into a venomous arachnid creature.
Your +0 quarterstaff of protection melds into your body.
Your +0 pair of gloves melds into your body.
Your +0 robe melds into your body.
Your +0 quarterstaff of protection goes still.
The orc warrior hits you with a +0 war axe!
You hit the orc warrior but do no damage.
The orc warrior is poisoned.
The orc warrior closely misses you.
You barely miss the orc warrior.
The orc warrior is lightly wounded.
The orc warrior hits you with a +0 war axe!
You hit the orc warrior but do no damage.
The orc warrior looks even sicker.
The orc warrior is lightly wounded.
The orc priest invokes the aid of Beogh against you.
Beogh smites you! The orc warrior completely misses you.
The orc knight roars a battlecry!
The orcs go into a battle-frenzy!
Your transformation is almost over.
There is an open door here.
The orc priest casts a cantrip, but nothing happens.
The orc priest mumbles some strange prayers to Beogh against you.
Beogh smites you!
You die...

##########.##.....
#.o.{.o.oo.)'.....
#'#####o#####.....
#.#..#..#..##.....
#.#..'..'..#####'#
#{##)####'###.....
#o#...)....##.....
#.#........##.....
#s#####'#####...<.
#.#..[)))..##.....
#.#..[)))..##.....
#'###########.....
#.......#.. ######
#..#.#..#.########
#.##.##.#.#....#..
#.......#)#....#..
#.##.##.#.'....'..


You could see an orc warrior (strong, poisoned) and an orc priest (strong).

Vanquished Creatures
  3 floating eyes (D)
  An ogre (D)
  A centaur (D)
  A crimson imp (D)
  A quasit (D)
  A hound (D)
  A hell rat (D)
  An orc wizard (D)
  A mummy (D)
  A gnoll (D)
  An adder (D)
  An ufetubus (D)
  2 orcs (D)
  3 giant cockroaches (D)
  A goblin (D)
  A hobgoblin (D)
  2 jackals (D)
  2 quokkas (D)
  A bat (D)
  A frilled lizard (D)
27 creatures vanquished.

Notes
Turn   | Place    | Note
-------+----------+-------------------------------------------
     0 | D        | rocky1 the Deep Elf Earth Elementalist began the quest for
                  | the Orb.
     0 | D        | Reached XP level 1. HP: 10/10 MP: 6/6
    14 | D        | Reached skill level 5 in Earth Magic
    14 | D        | Reached XP level 2. HP: 15/15 MP: 5/8
    42 | D        | Found a bloodstained altar of Trog.
    42 | D        | Found a shimmering blue altar of Sif Muna.
    42 | D        | Found a viscous altar of Jiyva.
    42 | D        | Found a hazy altar of Hepliaklqana.
    42 | D        | Found an opulent altar of Gozag.
    43 | D        | Found a glowing golden altar of the Shining One.
    43 | D        | Found a glowing silver altar of Zin.
    43 | D        | Found a basalt altar of Yredelemnul.
    43 | D        | Found a shimmering altar of Xom.
    43 | D        | Found an ornate altar of the Wu Jian Council.
    43 | D        | Found a sacrificial altar of Ru.
    43 | D        | Found a stormy altar of Qazlal.
    43 | D        | Found an iron altar of Okawaru.
    43 | D        | Found a sparkling altar of Nemelex Xobeh.
    43 | D        | Found a burning altar of Makhleb.
    43 | D        | Found a blossoming altar of Fedhas.
    43 | D        | Found a white marble altar of Elyvilon.
    43 | D        | Found a shadowy altar of Dithmenos.
    43 | D        | Found a snail-covered altar of Cheibriados.
    46 | D        | Found a corrupted altar of Lugonu.
    46 | D        | Found a radiant altar of Vehumet.
    47 | D        | Found an ancient bone altar of Kikubaaqudgha.
    47 | D        | Found a hide-covered altar of Uskayaw.
    47 | D        | Found a broken altar of Ashenzari.
    48 | D        | Became a worshipper of Sif Muna the Loreminder
    67 | D        | Reached * piety under Sif Muna
   190 | D        | Reached skill level 1 in Invocations
   191 | D        | Reached XP level 3. HP: 19/19 MP: 6/10
   232 | D        | Reached ** piety under Sif Muna
   324 | D        | Learned a level 3 spell: Stone Arrow
   332 | D        | Noticed a floating eye
   339 | D        | Reached *** piety under Sif Muna
   343 | D        | Paralysed by a floating eye for 3 turns
   349 | D        | Paralysed by a floating eye for 3 turns
   355 | D        | Killed a floating eye
   356 | D        | Reached XP level 4. HP: 27/27 MP: 11/14
   356 | D        | Reached XP level 5. HP: 31/31 MP: 11/15
   391 | D        | Noticed a floating eye
   395 | D        | Reached skill level 5 in Invocations
   396 | D        | Paralysed by a floating eye for 3 turns
   401 | D        | Killed a floating eye
   401 | D        | Reached **** piety under Sif Muna
   402 | D        | Reached skill level 5 in Conjurations
   402 | D        | Reached XP level 6. HP: 36/36 MP: 14/19
   581 | D        | Noticed a floating eye
   589 | D        | Reached ***** piety under Sif Muna
   591 | D        | Received a gift from Sif Muna
   594 | D        | Paralysed by a floating eye for 2 turns
   598 | D        | Killed a floating eye
   599 | D        | Reached skill level 10 in Spellcasting
   599 | D        | Reached skill level 10 in Earth Magic
   599 | D        | Reached XP level 7. HP: 31/40 MP: 15/22
   879 | D        | Learned a level 3 spell: Spider Form
   884 | D        | Learned a level 4 spell: Petrify
   947 | D        | Noticed an orc knight
   983 | D        | Killed from afar by an orc priest

Illustrated notes

Levels and vault maps discovered:
D:        pitsprint [storerooms_1, entrance_room_1, metal_vault_2, armoury_1,
          mini_pit_1, grid_room_1, main_hall_1, silver_pit, the_coven_3,
          the_vestibule_1, steel_vault_4, golden_pit, hallway_of_sentries,
          crystal_vault_4, iron_vault_1, final_vault]

Skill      XL: |  1  2  3  4  5  6  7 |
---------------+----------------------+-----
Earth Magic    | 5 6 7 8 10 | 10.4
Invocations    | 1 4 6 7 8 |  8.2
Spellcasting   | 4 6 8 10 | 10.3
Fighting       | 2 |  2.5
Conjurations   | 3 5 7 |  7.7
Dodging        | |  2.4
Stealth        | |  2.4
Transmutations | |  1.1

Action                   |  1- 3 |  4- 6 |  7- 9 || total
-------------------------+-------+-------+-------++-------
Melee: Quarterstaff      |    16 |    12 |       ||    28
       Unarmed           |       |       |     3 ||     3
 Cast: Sandblast         |     8 |     6 |     7 ||    21
       Stone Arrow       |       |     4 |       ||     4
       Spider Form       |       |       |     1 ||     1
  Use: Potion            |       |       |     1 ||     1
 Stab: Sleeping          |     1 |       |       ||     1
Armor: Robe              |     5 |     1 |     2 ||     8
Dodge: Dodged            |    15 |     3 |     8 ||    26

Table legend: (Time is in decaauts)
 A = Elapsed time spent in this place.
 B = Non-inter-level travel time spent in this place.
 C = Inter-level travel time spent in this place.
 D = Time resting spent in this place.
 E = Time spent auto-exploring this place.
 F = Levels seen in this place.
 G = Mean time per level.
                   A        B        C        D        E       F      G
               +--------+--------+--------+--------+--------+-----+--------+
         Total |    990 |    978 |     12 |    522 |      0 |   1 |  990.0 |
       Dungeon |    990 |    978 |     12 |    522 |      0 |   1 |  990.0 |
               +--------+--------+--------+--------+--------+-----+--------+

Top non-repeatable levels by time:
       D: 990 daAuts
